 Dungeon Crawl Stone Soup version 0.28.0-53-g5a82cb258f (webtiles) character file.

Game seed: 1680536660094001479

25 firemarshallily the Ducker (level 2, -1/23 HPs)
             Began as a Demonspawn Gladiator on June 11, 2022.
             Was a Plaything of Xom.
             Slain by Jessica
             ... wielding a +0 dagger
              (3 damage)
             ... on level 2 of the Dungeon.
             The game lasted 00:02:40 (1262 turns).

firemarshallily the Ducker (Demonspawn Gladiator)   Turns: 1262, Time: 00:02:41

Health: -1/23      AC:  4    Str: 14    XL:     2   Next: 82%
Magic:  2/2        EV: 12    Int:  9    God:    Xom [..*...]
Gold:   69         SH:  0    Dex: 14    Spells: 1/1 levels left

rFire   . . .      SeeInvis .   a - +0 long sword
rCold   . . .      Faith    .   (no shield)
rNeg    . . .      Spirit   .   b - +0 leather armour
rPois   .          Reflect  .   c - +0 helmet
rElec   .          Harm     .   (no cloak)
rCorr   .          Rampage  .   (no gloves)
Will    .....                   (no boots)
Stlth   +.........              (no amulet)
HPRegen 0.07/turn               (no ring)
MPRegen 0.08/turn               (no ring)

@: brilliant, slowed, very slow
A: demonic touch 1
a: Renounce Religion


You were on level 2 of the Dungeon.
You worshipped Xom.
You were a toy of Xom.
You visited 1 branch of the dungeon, and saw 2 of its levels.

You collected 69 gold pieces.

Inventory:

Hand Weapons
 a - a +0 long sword (weapon)
Missiles
 d - 3 throwing nets (quivered)
Armour
 b - a +0 leather armour (worn)
 c - a +0 helmet (worn)
Potions
 f - a potion of attraction {unknown}


   Skills:
 * Level 2.4 Fighting
 * Level 3.0 Long Blades
 - Level 2.0 Throwing
 + Level 0.4 Armour
 - Level 3.0 Dodging


You had one spell level left.
You didn't know any spells.
Your spell library was empty.

Dungeon Overview and Level Annotations

Branches:
Dungeon (2/15)

Altars:
Xom

Annotations:
D:2 Jessica


Innate Abilities, Weirdness & Mutations

Your touch may inflict minor irresistible damage on your foes.


Message History

There is an open door, spattered with blood here.
You see here a rat corpse.
You see here a +0 short sword of speed.
You see here a rat corpse.
Found an escape hatch in the ceiling.
There is an escape hatch in the ceiling here.
A kobold comes into view. It is wielding a +0 dagger.
The kobold shouts!
You closely miss the kobold. Your touch misses the kobold.
The kobold hits you but does no damage.
You closely miss the kobold. The kobold hits you with a +0 dagger.
Jessica the Apprentice Sorceress comes into view.
She is wielding a +0 dagger.
You slash the kobold!
You kill the kobold!
Jessica mumbles some strange words.
Jessica seems to speed up.
Things that are here:
a +0 dagger; 21 stones; 8 gold pieces You barely miss Jessica.
Your touch misses Jessica. Jessica hits you with a +0 dagger.
Jessica barely misses you.
You closely miss Jessica. Jessica barely misses you.
Jessica grins evilly.
Jessica points at you and mumbles some strange words.
You feel yourself slow down.
You closely miss Jessica. Jessica misses you.
Jessica points at you and mumbles some strange words.
Pain shoots through your body! Jessica misses you.
You barely miss Jessica. Jessica misses you.
Jessica casts a spell.
Jessica blinks!
Jessica closely misses you.
You barely miss Jessica.
Jessica points at you and mumbles some strange words.
Pain shoots through your body!
* * * LOW HITPOINT WARNING * * *
Jessica completely misses you.
It was a potion of brilliance.
You feel clever all of a sudden. Jessica hits you with a +0 dagger.
You die...
Xom bursts into laughter!

.....###.#######.###
#####..............
#.##..######.#### #
#..............
#.#.###....### #.#..
#....# #.##.##....#
.. ..#..@.# ..
#.#...@# .#....#
......#.# ......#.#
.......#..
.......#.#
.......#.# .... #.#


You could see Jessica (fast).

Vanquished Creatures
  6 endoplasms (D:1)
  A hobgoblin (D:1)
  2 kobolds (D:2)
  2 quokkas (D:1)
  A ball python (D:1)
  2 frilled lizards (D:1)
  12 rats
26 creatures vanquished.

Notes
Turn   | Place    | Note
-------+----------+-------------------------------------------
     0 | D:1      | firemarshallily the Demonspawn Gladiator began the quest
                  | for the Orb.
     0 | D:1      | Reached XP level 1. HP: 16/16 MP: 1/1
   531 | D:1      | Found a faded altar of an unknown god.
   537 | D:1      | Gained mutation: Your touch may inflict minor irresistible
                  | damage on your foes. [demonic ancestry]
   537 | D:1      | Reached XP level 2. HP: 22/22 MP: 2/2
   546 | D:1      | Prayed at the altar of an unknown god.
   546 | D:1      | Became a worshipper of Xom of Malevolent Giggling
  1161 | D:2      | XOM: divination: detect creatures
  1173 | D:2      | XOM: noise
  1253 | D:2      | Noticed Jessica
  1262 | D:2      | Slain by Jessica

Illustrated notes

Levels and vault maps discovered:
D:1:      sevenhm_arrival_forest_fort_large_3, layout_basic,
          shapermc_ecumenical_altar_starsandcircs, hangedman_decor_lopped
D:2:      layout_basic, grunt_ministairs_7, minmay_rat_gold_closets,
          uniq_jessica

Skill      XL: |  1  2 |
---------------+-------+-----
Throwing       | 2 |  2.0
Dodging        | 3 |  3.0
Long Blades    | 3 |  3.0
Fighting       | |  2.4
Armour         | |  0.4

Action                   || total
-------------------------++-------
Melee: Long sword        ||    49
       Touch             ||     4
  Use: Scroll            ||     1
       Potion            ||     1
 Stab: Sleeping          ||     2
Armor: Leather armour    ||     3
Dodge: Dodged            ||    31
